 Dungeon Crawl Stone Soup version 0.19.1-1-g22dce08 (webtiles) character file.

34 HessuHobo the Conjurer (level 3, 0/19 HPs)
             Began as a Deep Elf Conjurer on Dec 28, 2016.
             Killed from afar by HessuHobo's ghost (8 damage)
             ... with a magic dart
             ... on level 3 of the Dungeon.
             The game lasted 00:02:45 (1974 turns).

HessuHobo the Conjurer (Deep Elf Conjurer)          Turns: 1974, Time: 00:02:46

Health: 0/19       AC:  2    Str:  6    XL:     3   Next: 14%
Magic:  6/9        EV: 13    Int: 19    God:
Gold:   90         SH:  0    Dex: 15    Spells: 2 memorised, 5 levels left

rFire  . . .     SeeInvis .     h - +0 dagger
rCold  . . .     Gourm    .     a - +0 robe
rNeg   . . .     Faith    .     (no shield)
rPois  .         Spirit   .     (no helmet)
rElec  .         Reflect  .     (no cloak)
rCorr  .         Harm     .     (no gloves)
MR     .....                    (no boots)
Stlth  ++........               (no amulet)
                                (no ring)
                                (no ring)

@: no status effects
A: no striking features
a: no special abilities


You were on level 3 of the Dungeon.
You were not hungry.

You visited 1 branch of the dungeon, and saw 3 of its levels.

You collected 90 gold pieces.

Inventory:

Hand Weapons
 h - a +0 dagger (weapon)
Armour
 a - a +0 robe (worn)
Scrolls
 e - 3 scrolls of identify {unknown}
 f - a scroll of random uselessness {unknown}
 i - a scroll of magic mapping {unknown}
Potions
 d - 3 potions of curing {unknown}
 j - a potion of beneficial mutation {unknown}
 k - 2 potions of heal wounds {unknown}
Books
 b - a book of Conjurations

   Spells                             Type                      Level
   a - Magic Dart                     Conjuration                  1
   b - Searing Ray                    Conjuration                  2
   c - Dazzling Spray                 Conjuration/Hexes            3
   d - Fulminant Prism                Conjuration/Hexes            4
   e - Iskenderun's Mystic Blast      Conjuration                  4
   f - Iskenderun's Battlesphere      Conjuration/Charms           5
Comestibles
 c - a bread ration
 g - 4 chunks of flesh
 l - a royal jelly


   Skills:
 - Level 2.4 Dodging
 - Level 2.4 Stealth
 - Level 0.1 Unarmed Combat
 - Level 3.0 Spellcasting
 + Level 5.5 Conjurations


You had 5 spell levels left.
You knew the following spells:

 Your Spells              Type           Power        Failure   Level  Hunger
a - Magic Dart            Conj           ###.         1%          1    None
b - Searing Ray           Conj           ###...       2%          2    ##.....


Dungeon Overview and Level Annotations

Branches:
Dungeon (3/15)

Altars:
Hepliaklqana
Yredelemnul
The Shining One

Annotations:
D:3 HessuHobo's ghost, amateur DECj


Message History

Confirm with . or Enter, or press ? or * to list all spells.
Aiming: Magic Dart
Press: ? - help, Shift-Dir - straight line, f/p - HessuHobo's ghost
Aim: HessuHobo's ghost, wielding a weapon of draining (lightly damaged)
The magic dart hits HessuHobo's ghost.
HessuHobo's ghost is moderately damaged.
HessuHobo's ghost casts a spell at you. The magic dart hits you!
HessuHobo's ghost casts a spell at you. The magic dart hits you!
Casting: Magic Dart
Confirm with . or Enter, or press ? or * to list all spells.
Aiming: Magic Dart
Press: ? - help, Shift-Dir - straight line, f/p - HessuHobo's ghost
Aim: HessuHobo's ghost, wielding a weapon of draining (moderately damaged)
The magic dart hits HessuHobo's ghost.
HessuHobo's ghost is moderately damaged.
HessuHobo's ghost casts a spell at you. The magic dart hits you!
You die...

#######
#..... #$#.)
#.#.# #.#W#
#
###.#.####.#
#...#.)....#
#.#..@######
#.#..[.....#
#<##...)##.#
##.....##
#[#.......
...#.######
#.###.# #.
#.. # ###


You could see HessuHobo's ghost.

Vanquished Creatures
  A worm (D:2)
  A leopard gecko (D:2)
  7 bats
  A giant cockroach (D:1)
  4 goblins
  4 hobgoblins
  2 quokkas (D:2)
  A ball python (D:1)
  2 frilled lizards
  3 kobolds
  3 rats
29 creatures vanquished.

Notes
Turn   | Place    | Note
-------+----------+-------------------------------------------
     0 | D:1      | HessuHobo the Deep Elf Conjurer began the quest for the Orb.
     0 | D:1      | Reached XP level 1. HP: 10/10 MP: 6/6
   310 | D:1      | Found a glowing golden altar of the Shining One.
   368 | D:1      | Reached XP level 2. HP: 15/15 MP: 0/8
   524 | D:1      | Reached skill level 5 in Conjurations
  1335 | D:2      | Found a basalt altar of Yredelemnul.
  1399 | D:2      | Found a faded altar of an unknown god.
  1454 | D:2      | Reached XP level 3. HP: 19/19 MP: 4/9
  1515 | D:2      | Found a hazy altar of Hepliaklqana.
  1535 | D:2      | Learned a level 2 spell: Searing Ray
  1969 | D:3      | Noticed HessuHobo's ghost (amateur DECj)
  1974 | D:3      | Killed from afar by HessuHobo's ghost

Skill      XL: |  1  2 |
---------------+-------+-----
Conjurations   | 5 |  5.5
Dodging        | |  2.4
Stealth        | |  2.4
Unarmed Combat | |  0.1
Spellcasting   | |  3.0

Action                   || total
-------------------------++-------
Melee: Unarmed           ||     1
 Cast: Magic Dart        ||    61
  Eat: Chunk             ||     2
       Royal jelly       ||     1
Armor: Robe              ||     2
Dodge: Dodged            ||     9
